 Dungeon Crawl Stone Soup version 0.30.0-21-gd299b56b3f (webtiles) character file.

Game seed: 5692651207462150465

36 qw the Chopper (level 3, 0/23 HPs)
             Began as a Gargoyle Fighter on June 2, 2023.
             Slain by a worm (5 damage)
             ... on level 2 of the Dungeon.
             The game lasted 00:00:19 (651 turns).

qw the Chopper (Gargoyle Fighter)                    Turns: 651, Time: 00:00:20

Health: 0/23       AC: 11    Str: 21    XL:     3   Next: 37%
Magic:  3/3        EV:  9    Int:  8    God:
Gold:   56         SH:  4    Dex:  9    Spells: 2/2 levels left

rFire   . . .        a - +0 war axe
rCold   . . .        c - +0 buckler
rNeg    + . .        b - +0 scale mail
rPois   inf          g - +0 helmet
rElec   +            (no cloak)
rCorr   .            (no gloves)
SInv    .            (no boots)
Will    .....        (no amulet) Stlth
                     (no ring)
HPRegen 0.23/turn    (no ring)
MPRegen 0.08/turn

%: no passive effects
@: no status effects
A: sickness immunity, AC +3, negative energy resistance 1, electricity
resistance, torment resistance 1, petrification resistance
a: no special abilities


You were on level 2 of the Dungeon.
You visited 1 branch of the dungeon, and saw 2 of its levels.

You collected 56 gold pieces.


Innate Abilities, Weirdness & Mutations

You are immune to sickness and miasma.
Your stone body is resilient. (AC +3)
You are immune to poison.
You resist negative energy. (rN+)
You are resistant to electric shocks. (rElec)
You are resistant to unholy torment.
You are immune to petrification.


   Skills:
 - Level 3.2 Fighting
 + Level 3.3 Axes
 - Level 3.2 Armour
 - Level 3.2 Shields


You had 2 spell levels left.
You didn't know any spells.
Your spell library was empty.

Inventory:

Hand Weapons
 a - a +0 war axe (weapon)
 i - a +0 mace
Armour
 b - a +0 scale mail (worn)
 c - a +0 buckler (worn)
 g - a +0 helmet (worn)
Potions
 d - a potion of might
 e - a potion of heal wounds {unknown}
 f - 2 potions of flight {unknown}
 h - a potion of lignification {unknown}
 j - a potion of curing {unknown}

Dungeon Overview and Level Annotations

Branches:
Dungeon (2/15)

Altars:

Annotations:
D:2 Robin


Message History

A goblin comes into view. It is wielding a +0 dagger.
The hobgoblin hits you but does no damage.
The rat bites you but does no damage. The hobgoblin hits you.
The hobgoblin closely misses you.
A goblin comes into view. It is wielding a +0 dagger.
Robin roars a battlecry!
The goblins go into a battle-frenzy!
You barely miss the hobgoblin. You barely miss the rat. You hit the hobgoblin.
You kill the hobgoblin!
You block the hobgoblin's attack. The rat bites you but does no damage.
You barely miss the hobgoblin. You slash the hobgoblin!
You kill the hobgoblin!
You hit the rat.
You kill the rat!
You hit the goblin.
You kill the goblin!
The hobgoblin hits you.
You slash the hobgoblin!
You kill the hobgoblin!
The hobgoblin hits you but does no damage.
You hit the worm.
The worm is moderately wounded.
You barely miss the goblin. You hit the hobgoblin.
You kill the hobgoblin!
The worm closely misses you. You block the goblin's attack.
You hit the worm.
The worm is severely wounded.
You barely miss the goblin. You hit the goblin.
You kill the goblin!
The goblin hits you with a +0 dagger. Robin throws the goblin at you!
The goblin hits you with a +0 dagger. The worm bites you.
You barely miss the worm.
The worm is heavily wounded.
You hit the goblin. You closely miss the goblin. You slash the hobgoblin!
You kill the hobgoblin!
You hit the hobgoblin.
You kill the hobgoblin!
The goblin barely misses you. The goblin hits you with a +0 dagger.
The goblin barely misses you. You block the goblin's attack.
The worm bites you.
You die...

#..... ###......
#........ #........
#........ ###..g.....
#.)wg?........
#..@gw....>....
#.g........)...
#########..............
##......................
##......................#
#........................
#...............%........
#..............<..(......
#...............)........


You could see 2 worms, Robin and 3 goblins.

Vanquished Creatures
  A worm (D:2)
  3 endoplasms
  3 giant cockroaches
  4 goblins
  7 hobgoblins
  2 kobolds (D:2)
  A quokka (D:1)
  3 ball pythons
  2 bats
  A frilled lizard (D:2)
  5 rats
32 creatures vanquished.

Notes
Turn   | Place    | Note
-------+----------+-------------------------------------------
     0 | D:1      | qw the Gargoyle Fighter began the quest for the Orb.
     0 | D:1      | Reached XP level 1. HP: 14/14 MP: 1/1
     0 | D:1      | 0 ||| qw: Version: 0.2-a-102-gdf20003
     0 | D:1      | 0 ||| qw: Game counter: 851
     0 | D:1      | 0 ||| qw: Always use a shield: true
     0 | D:1      | 0 ||| qw: God list: Okawaru
     0 | D:1      | 0 ||| qw: Allow faded altars: false
     0 | D:1      | 0 ||| qw: Do Orc after D:15 true
     0 | D:1      | 0 ||| qw: Do second Lair branch before Depths: true
     0 | D:1      | 0 ||| qw: Lair rune preference: random
     0 | D:1      | 0 ||| qw: Plans: Normal, Zot:1-4, Slime:5, God:TSO, Crypt,
                  | Tomb, Pan, Hells, Abyss, Win
     0 | D:1      | 0 ||| PLANNING D:1-11
   309 | D:1      | Reached XP level 2. HP: 19/19 MP: 2/2
   512 | D:1      | 512 ||| UPGRADING to +0 helmet.
   551 | D:2      | Reached skill level 3 in Axes
   552 | D:2      | Reached XP level 3. HP: 12/23 MP: 3/3
   555 | D:2      | 555 ||| FLEEEEING.
   557 | D:2      | 557 ||| STAIRDANCE
   644 | D:2      | Noticed Robin
   651 | D:2      | HP: 5/23 [goblin/+0 dagger[Robin] (1)]
   651 | D:2      | Slain by a worm

Levels and vault maps discovered:
D:1:      dpeg_arrival_chambers_temple_mockup, layout_basic, patterned_corridor
D:2:      layout_rooms, uniq_robin, uniq_sigmund

Skill      XL: |  1  2 |
---------------+-------+-----
Axes           | 2 3 |  3.3
Fighting       | |  3.2
Armour         | |  3.2
Shields        | |  3.2

Action                     || total
---------------------------++-------
  Melee: War axe           ||    56
 Armour: Scale mail        ||    36
  Dodge: Dodged            ||    27
  Block: Buckler           ||    14

Table legend:
 A = Non-vault XP
 B = Vault XP
 C = Vault XP percentage of total XP
 D = Non-vault monster count
 E = Vault monster count
 F = Vault count percentage of total count
                 A         B        C        D         E       F
            +---------+---------+-------+---------+---------+-------
      Total |      41 |      15 |  26.8 |      24 |       8 |  25.0
            +---------+---------+-------+---------+---------+-------
        D:1 |      24 |       0 |   0.0 |      15 |       0 |   0.0
        D:2 |      17 |      15 |  46.9 |       9 |       8 |  47.1
            +---------+---------+-------+---------+---------+-------
